 Dungeon Crawl Stone Soup version 0.27.1-37-g7b29ead8ac (console) character file.

Game seed: 5590667134405026912

105 grimtooth the Skirmisher (level 4, -2/75 HPs)
             Began as an Ogre Berserker on Sept 20, 2023.
             Was a Believer of Trog.
             Slain by a water moccasin (6 damage)
             ... on level 6 of the Dungeon.
             The game lasted 00:07:00 (2876 turns).

grimtooth the Skirmisher (Ogre Berserker)           Turns: 2876, Time: 00:07:03

Health: -2/75      AC:  3    Str: 22    XL:     4   Next: 81%
Magic:  4/4        EV: 10    Int:  8    God:    Trog [**....]
Gold:   127        SH:  0    Dex:  8    Spells: 3/3 levels left

rFire    . . .     SeeInvis .   a - +0 hand axe
rCold    . . .     Faith    .   (no shield)
rNeg     . . .     Spirit   .   b - +0 animal skin
rPois    .         Reflect  .   (helmet restricted)
rElec    .         Harm     .   (no cloak)
rCorr    .         Rampage  .   (gloves unavailable)
Will     ++...                  (boots unavailable)
Stlth    ..........             (no amulet)
HPRegen  1.22/turn              (no ring)
MPRegen  0.09/turn              (no ring)

@: berserking, lethally poisoned (-2 -> -11), strong-willed (expiring),
regenerating (expiring), very quick
A: large, unfitting armour, tough skin 1
a: Renounce Religion, Berserk, Trog's Hand


You were on level 6 of the Dungeon.
You worshipped Trog.
Trog was pleased with you.
You visited 1 branch of the dungeon, and saw 4 of its levels.

You collected 127 gold pieces.

Inventory:

Hand Weapons
 a - a +0 hand axe (weapon)
Missiles
 d - 98 stones (quivered)
 h - 9 sling bullets
 l - 5 curare-tipped darts
Armour
 b - a +0 animal skin (worn)
Magical Staves
 k - a staff of poison
Scrolls
 c - 3 scrolls of identify {unknown}
 f - a scroll of magic mapping {unknown}
 i - a scroll of noise {unknown}
 j - a scroll of fear {unknown}
Potions
 e - a potion of ambrosia {unknown}
 g - 2 potions of flight {unknown}
 m - a potion of magic {unknown}


   Skills:
 + Level 5.2 Fighting
 * Level 4.7 Axes
 - Level 2.6 Dodging


You had 3 spell levels left.
You didn't know any spells.
Your spell library was empty.

Dungeon Overview and Level Annotations

Branches:
Dungeon (3/15)

Altars:
Cheibriados

Annotations:
D:3 Robin


Innate Abilities, Weirdness & Mutations

You are too large for most types of armour.
You have tough skin. (AC +1)


Message History

The water moccasin closely misses you.
The kobold brigand throws a poisoned dart.
The poisoned dart hits you!
You are more poisoned.
You hit the water moccasin.
The water moccasin is moderately wounded.
You feel very sick. The water moccasin bites you.
You hit the water moccasin.
The water moccasin is moderately wounded.
You closely miss the kobold brigand.
You feel very sick. The water moccasin closely misses you.
The water moccasin bites you!
* * * LOW HITPOINT WARNING * * *
You are more poisoned.
The water moccasin poisons you!
The kobold brigand hits you with a +0 short sword.
* * * LOW HITPOINT WARNING * * *
A red film seems to cover your vision as you go berserk!
You feel yourself moving faster!
You feel mighty!
You feel very sick. The water moccasin bites you.
* * * LOW HITPOINT WARNING * * *
You are lethally poisoned!
The water moccasin poisons you! The kobold brigand barely misses you.
You slash the water moccasin!
The water moccasin is severely wounded.
You hit the kobold brigand.
* * * LOW HITPOINT WARNING * * *
You feel very sick.
The water moccasin completely misses you.
The kobold brigand hits you with a +0 short sword.
* * * LOW HITPOINT WARNING * * *
You closely miss the water moccasin.
The water moccasin is severely wounded.
You slash the kobold brigand!
* * * LOW HITPOINT WARNING * * *
You feel very sick. The water moccasin bites you.
You die...

#.#
#.#
#.#
#.#
#.#
#.#
#K#
#K#
#K#
#@#
#S#
#.#
#.#
#..
###


You could see a water moccasin, a kobold brigand and 2 kobolds.

Vanquished Creatures
  Terence (D:3)
  A gnoll (D:1)
  An adder (D:3)
  A dart slug (D:1)
  3 ball pythons (D:1)
  5 endoplasms
  4 giant cockroaches
  7 goblins
  8 hobgoblins
  4 jackals (D:3)
  3 quokkas
  2 frilled lizards
  9 kobolds
  3 rats
52 creatures vanquished.

Notes
Turn   | Place    | Note
-------+----------+-------------------------------------------
     0 | D:1      | grimtooth the Ogre Berserker began the quest for the Orb.
     0 | D:1      | Reached XP level 1. HP: 24/24 MP: 1/1
   144 | D:1      | Reached XP level 2. HP: 30/32 MP: 2/2
   607 | D:1      | Found a faded altar of an unknown god.
  1102 | D:1      | Reached XP level 3. HP: 40/40 MP: 3/3
  2076 | D:3      | Reached ** piety under Trog
  2170 | D:3      | Found a snail-covered altar of Cheibriados.
  2171 | D:3      | Noticed Robin
  2231 | D:3      | Reached XP level 4. HP: 49/49 MP: 4/4
  2538 | D:3      | Noticed Terence
  2554 | D:3      | Killed Terence
  2555 | D:3      | Reached skill level 5 in Fighting
  2863 | D:3      | You fall into a shaft and drop 3 floors!
  2863 | D:6      | Noticed a kobold brigand
  2863 | D:6      | Noticed a water moccasin
  2876 | D:6      | Slain by a water moccasin

Illustrated notes

Levels and vault maps discovered:
D:1:      dpeg_arrival_three_same_balls, layout_loops_ring,
          shapermc_ecumenical_altar_mp_urbaneastern, grunt_decor_cap
D:2:      layout_rooms
D:3:      layout_loops_ring, nicolae_overflow_crystal_walls, st_stairs_2,
          uniq_ijyb, uniq_robin, uniq_terence
D:6:      layout_basic, nemelex_spade_bored_becter, grunt_temple_overflow_open,
          serial_shops, shop_fountains, minmay_shop_mass

Skill      XL: |  1  2  3  4 |
---------------+-------------+-----
Axes           | 4 |  4.7
Fighting       | 5 |  5.2
Dodging        | |  2.6

Action                   |  1- 3 |  4- 6 || total
-------------------------+-------+-------++-------
Melee: Hand axe          |   103 |    47 ||   150
Throw: Stone             |    68 |    16 ||    84
       Dart              |       |     5 ||     5
Invok: Berserk           |     1 |     2 ||     3
       Trog's Hand       |       |     1 ||     1
Armor: Animal skin       |    24 |     5 ||    29
Dodge: Dodged            |    47 |    29 ||    76
